[Event "Israel National League 2024"]
[Site "Israel"]
[Date "2024.01.19"]
[Round "3.3"]
[White "Iliaguev, Nisim"]
[Black "Aizenberg, Benny"]
[Result "0-1"]
[ECO "D05"]
[WhiteElo "2399"]
[BlackElo "2396"]
[Annotator "RC"]
[PlyCount "60"]
[EventDate "2024.01.07"]
[EventType "team-tourn"]
[EventCountry "ISR"]
[SourceTitle "playchess.com"]
[Source "ChessBase"]
[SourceQuality "1"]
[TimeControl "40/5400+30:1800+30"]

1. Nf3 Nf6 2. b3 d5 3. Bb2 e6 4. e3 c5 5. d4 Nc6 6. Nbd2 cxd4 7. Nxd4 Bd6 8. Bd3 O-O 9. O-O e5 10. Nxc6 bxc6 11. e4 a5 12. a4 Bg4 13. f3 Bh5 14. Qe2 Nd7 15. Rad1 Re8 16. Kh1 Nc5 17. Qe3 Rb8 18. exd5 cxd5 19. Bb5 Re6 20. Ba3 d4 21. Qf2 e4 22. Nc4 e3 23. Qe2 Bxh2 24. Kxh2 Ne4 25. Nxe3 Qh4+ 26. Kg1 Ng3 27. Qc4 Qh1+ 28. Kf2 Nxf1 29. Qxd4 Rxe3 30. Qxe3 Qxg2+ 0-1

[Event "Israel National League 2024"]
[Site "Israel"]
[Date "2024.01.19"]
[Round "3.4"]
[White "Baron, Tal"]
[Black "Karp, Ilya"]
[Result "1-0"]
[ECO "B72"]
[WhiteElo "2490"]
[BlackElo "2382"]
[Annotator "TA"]
[PlyCount "87"]
[EventDate "2024.01.07"]
[EventType "team-tourn"]
[EventCountry "ISR"]
[SourceTitle "playchess.com"]
[Source "ChessBase"]
[SourceQuality "1"]
[TimeControl "40/5400+30:1800+30"]

1. e4 c5 2. Nf3 d6 3. d4 cxd4 4. Nxd4 Nf6 5. Nc3 g6 6. Be3 Bg7 7. h3 O-O 8. Qd2 $1 {[%emt 0:01:04][%mdl 4] is currently scoring better than 8.Bc4.} d5 {[%emt 0:00:04] B72: Sicilian Dragon: 6 Be3, lines with h3+Bc4 and sidelines.} 9. exd5 Nxd5 10. O-O-O Nxe3 {[%emt 0:02:49] The position is equal.} 11. Qxe3 Qa5 {[%emt 0:01:21] [#] Inhibits Nf5.} 12. Nb3 $146 ({Predecessor:} 12. Qxe7 Nc6 13. Nb3 Nxe7 14. Nxa5 Be6 15. Ne4 b6 16. Nb3 Bd5 17. Nc3 Bc6 18. Rg1 {½-½ Permykov,A (2236)-Eldridge,M (2189) FICGS rapid M 000080 email 2015 (1)}) 12... Qe5 13. Qxe5 Bxe5 14. Nd5 e6 15. Ne7+ {[%emt 0:00:39] Excellent horsemanship.} Kg7 {[%emt 0:00:13] Black is weak on the light squares} 16. g3 a5 17. Nxc8 Rxc8 18. Nd2 Nc6 19. Nc4 {[%emt 0:02:46] Strongly threatening Nb6.} Bd4 {[%emt 0:09:47] Repels Nb6} 20. Rd2 (20. Bg2 $1 $14 Rd8 21. Rd2) 20... Rc7 (20... b5 $142 21. Na3 b4) 21. Bg2 $11 {[%emt 0:02:11] Bxc6 is the strong threat.} Bc5 22. Rhd1 a4 23. Rd7 Rxd7 24. Rxd7 Bxf2 25. Rxb7 Rc8 {[%emt 0:00:43] [#]} 26. Bxc6 $1 Rxc6 $16 {[%emt 0:00:02][%mdl 4096] Endgame KRB-KRN} 27. Ne5 Be3+ 28. Kd1 {[%emt 0:00:01] White is more active.} Rd6+ (28... Rc5 $16 {was necessary.} 29. Nxf7 (29. Rxf7+ $2 Kg8 $19) 29... Kf6) 29. Ke2 $18 Bc1 30. Rxf7+ (30. Nxf7 Rd2+ 31. Kf3 Rxc2 $11) 30... Kg8 {[%emt 0:00:04] [#] Hoping for ...Rd2+.} 31. Rc7 (31. Rd7 $1 $16 Rxd7 32. Nxd7) 31... Rd2+ $14 32. Ke1 Rh2 (32... Rg2 $14 {feels stronger.}) 33. b3 Rxh3 ({Better is} 33... Ba3) 34. Kf2 $16 Rh5 35. Nd3 Rf5+ (35... Bh6 $16 36. b4 (36. bxa4 Bf8 $16) 36... Bf8) 36. Ke2 $18 Bg5 37. b4 ({Weaker is} 37. bxa4 Rf8 $16) 37... h5 38. c4 {[%emt 0:00:22][%cal Bc2c4,Bc4c5][%mdl 32] Threatens to win with b5.} Bf6 $2 (38... Rf7) 39. b5 Bd4 {[%emt 0:00:36] Inhibits b6.} 40. c5 {[%emt 0:00:38] aiming for b6.} e5 41. b6 {[%emt 0:32:55] White mates.} e4 42. b7 Rf8 43. Nf4 Be5 44. Rc8 {[%emt 0:00:00] Weighted Error Value: White=0.09 (flawless) /Black=0.48} 1-0

[Event "Israel National League 2024"]
[Site "Israel"]
[Date "2024.01.19"]
[Round "3.5"]
[White "Mordechai, Hanan"]
[Black "Flom, Gabriel"]
[Result "0-1"]
[ECO "B43"]
[WhiteElo "2347"]
[BlackElo "2421"]
[Annotator "RC"]
[PlyCount "64"]
[EventDate "2024.01.07"]
[EventType "team-tourn"]
[EventCountry "ISR"]
[SourceTitle "playchess.com"]
[Source "ChessBase"]
[SourceQuality "1"]
[TimeControl "40/5400+30:1800+30"]

1. e4 c5 2. Nf3 e6 3. d4 cxd4 4. Nxd4 a6 5. Nc3 Qc7 6. f4 b5 7. Bd3 Bb7 8. Qe2 Nf6 9. a3 Nc6 10. Nb3 d6 11. Bd2 Be7 12. O-O O-O 13. Rae1 Nd7 14. Rf3 Nc5 15. Rh3 g6 16. Nxc5 dxc5 17. e5 c4 18. Be4 Nd4 19. Qf2 Nf5 20. Qf3 Rad8 21. Bc1 Bxe4 22. Nxe4 h5 23. Bd2 a5 24. Be3 Kg7 25. Ng3 c3 26. b3 Rd2 27. Nxh5+ gxh5 28. Qxh5 Rg8 29. Bxd2 cxd2 30. Rd1 Qxc2 31. Qe2 Bc5+ 32. Kh1 Ne3 0-1

[Event "Israel National League 2024"]
[Site "Israel"]
[Date "2024.01.19"]
[Round "3.6"]
[White "Solomon, Asif"]
[Black "Uritsky, Yonathan"]
[Result "1/2-1/2"]
[ECO "E11"]
[WhiteElo "2242"]
[BlackElo "2097"]
[Annotator "RC"]
[PlyCount "83"]
[EventDate "2024.01.07"]
[EventType "team-tourn"]
[EventCountry "ISR"]
[SourceTitle "playchess.com"]
[Source "ChessBase"]
[SourceQuality "1"]
[TimeControl "40/5400+30:1800+30"]

1. d4 Nf6 2. c4 e6 3. Nf3 Bb4+ 4. Bd2 a5 5. e3 O-O 6. Bd3 b6 7. O-O Bb7 8. Nc3 d5 9. cxd5 exd5 10. Ne5 Nbd7 11. f4 Bxc3 12. bxc3 Ne4 13. Rf3 f6 14. Bxe4 fxe5 15. Bc2 exf4 16. exf4 Nf6 17. f5 Qd7 18. Bf4 Ne4 19. g4 Rae8 20. Be5 g6 21. fxg6 hxg6 22. Bxe4 Qxg4+ 23. Rg3 Qxe4 24. Qh5 Qe3+ 25. Rxe3 gxh5 26. Rg3+ Kf7 27. Rf1+ Ke7 28. Rg7+ Ke6 29. Rg6+ Kd7 30. Rg7+ Ke6 31. Bxc7 Rxf1+ 32. Kxf1 Rf8+ 33. Ke2 Rf7 34. Rxf7 Kxf7 35. Bxb6 a4 36. Kf3 Ba6 37. Kf4 Ke6 38. Kg5 Be2 39. Bc5 Kd7 40. Kf6 Kc6 41. Kf5 Kb5 42. a3 1/2-1/2

[Event "Israel National League 2024"]
[Site "Israel"]
[Date "2024.01.19"]
[Round "3.7"]
[White "Nabaty, Tamir"]
[Black "Eljanov, Pavel"]
[Result "1/2-1/2"]
[ECO "C47"]
[WhiteElo "2646"]
[BlackElo "2704"]
[Annotator "TA"]
[PlyCount "124"]
[EventDate "2024.01.07"]
[EventType "team-tourn"]
[EventCountry "ISR"]
[SourceTitle "playchess.com"]
[Source "ChessBase"]
[SourceQuality "1"]
[TimeControl "40/5400+30:1800+30"]

1. e4 e5 2. Nf3 Nc6 3. Nc3 Nf6 4. d4 exd4 5. Nxd4 Bb4 6. Nxc6 bxc6 7. Bd3 d5 8. exd5 O-O 9. O-O cxd5 10. h3 $1 {[%emt 0:00:25][%mdl 4] Prevents Bg4. now scores much better than the old 10.Bg5. C47: Scotch Four Knights and Four Knights with 4 g3.} c6 11. Re1 Bd6 12. Qf3 Bd7 {[%emt 0:09:40] [#]} 13. Be3 $146 ({Predecessor:} 13. Bg5 h6 14. Bf4 Bxf4 15. Qxf4 Qb8 16. Qe3 Re8 17. Qc5 a5 18. a3 Qa7 19. Na4 {1-0 Rublevsky,S (2637)-Lysyj,I (2603) RUS-chT Rapid 2021 (3.2)}) 13... h6 14. Rad1 Rb8 15. Na4 Qa5 16. b3 Rfe8 17. Bd2 {[%emt 0:13:44] Against c5} Rxe1+ 18. Bxe1 Qc7 19. Bc3 Be5 20. Bxe5 Qxe5 21. Qe2 Qxe2 22. Bxe2 Re8 23. Kf1 Kf8 24. c4 Bf5 25. cxd5 Nxd5 26. Bf3 Nb4 27. g4 Bd3+ 28. Kg2 Be2 29. Rd2 Bxf3+ 30. Kxf3 $11 {[%emt 0:00:04][%mdl 4096] Endgame KRN-KRN} Re5 31. Nc3 (31. a3 $5 Rd5 32. Rxd5 Nxd5 33. Ke4 $11) 31... Ra5 32. Ke4 g5 33. a4 Na6 $1 34. Kd4 (34. Rd6 $5 ) 34... f5 $1 35. Re2 Kf7 36. Kc4 {[%emt 0:04:12] aiming for b4.} Rc5+ 37. Kd4 {[%emt 0:00:01][%cal Ob3b4] And now b4! would win.} Ra5 $1 38. Re1 Kf6 (38... Nc7 $1 $11) 39. Re3 {[%emt 0:00:55] White is more active.} ({White should play} 39. Re8 $16) 39... Nc7 {[%emt 0:02:01] The position is equal.} 40. b4 c5+ $1 41. bxc5 Ne6+ 42. Kd5 Nxc5 (42... Rxc5+ $2 43. Kd6 Kg7 44. Kxe6 $18 (44. Rxe6 Rxc3 45. gxf5 h5 $14)) 43. Kc4 Ne6 44. Nd5+ {[%emt 0:06:35][%mdl 64] [#] Deflection} Kf7 {[%emt 0:00:09] ...Rc5+ is the strong threat.} 45. Nc3 Rc5+ 46. Kb3 Kf6 47. Rd3 a5 48. Rd5 Rxd5 {[%emt 0:02:24][%mdl 64] [#] Remove Defender} 49. Nxd5+ {[%emt 0:00:02] KN-KN} Ke5 50. Kc4 $1 Nf4 51. Nxf4 Kxf4 52. gxf5 Kxf5 {[%emt 0:00:05] K3P-K3P} 53. Kb5 g4 54. hxg4+ (54. Kxa5 {gets mated.} gxh3 55. Kb5 h2 56. Kc6 h1=Q+ 57. Kc5 h5 58. f3 h4 59. a5 Qxf3 60. Kd4 h3 61. a6 h2 62. a7 h1=Q 63. a8=B Qxa8 64. Kc4 Qa4+ 65. Kd3 Qf3+ 66. Kd2 Qad1#) 54... Kxg4 55. Kxa5 {[%emt 0:00:06] KPP-KP} h5 $1 56. Kb6 {[%emt 0:00:24] Intending a5 and mate.} h4 57. a5 h3 {[%emt 0:00:04] ( -> ...h2)} 58. a6 {[%emt 0:00:10] White threatens a7 and mate.} h2 59. f3+ $1 Kg3 (59... Kh5 $5 60. a7 $8 h1=Q $11) 60. a7 h1=Q 61. a8=Q Qxf3 62. Qxf3+ Kxf3 {[%emt 0:08:28] Weighted Error Value: White=0.06 (flawless) /Black=0.07 (flawless)} 1/2-1/2

[Event "Israel National League 2024"]
[Site "Israel"]
[Date "2024.01.19"]
[Round "3.8"]
[White "Sutovsky, Emil"]
[Black "Predke, Alexandr"]
[Result "1/2-1/2"]
[ECO "B17"]
[WhiteElo "2597"]
[BlackElo "2668"]
[Annotator "TA"]
[PlyCount "116"]
[EventDate "2024.01.07"]
[EventType "team-tourn"]
[EventCountry "ISR"]
[SourceTitle "playchess.com"]
[Source "ChessBase"]
[SourceQuality "1"]
[TimeControl "40/5400+30:1800+30"]

1. e4 c6 2. d4 d5 3. Nc3 dxe4 4. Nxe4 Nd7 5. Nf3 Ngf6 6. Nxf6+ Nxf6 7. c3 Bg4 8. h3 Bxf3 9. Qxf3 Qd5 {[%emt 0:00:13] B17: Caro-Kann: Modern Line (4...Nd7).} 10. Be2 e6 11. Qg3 Ne4 {[%emt 0:12:13] [#] White is slightly better.} 12. Qd3 $146 ({Predecessor:} 12. Qe3 Nf6 13. O-O Bd6 14. Bf3 Qf5 15. Qg5 Qxg5 16. Bxg5 {½-½ Luther,T (2525)-Schlosser,P (2550) Lippstadt 1997 (9)}) 12... Nd6 13. O-O Qf5 14. Qxf5 Nxf5 15. g4 Nd6 16. c4 Be7 17. d5 cxd5 ({Don't play} 17... exd5 18. cxd5 c5 19. Bf4 $14) 18. cxd5 e5 $1 {[%emt 0:00:04] Dodges Bf4} ({Don't take} 18... exd5 19. Rd1 $16) 19. f4 exf4 20. Bxf4 O-O 21. g5 Rfc8 22. Rac1 {[%emt 0:19:59] Wards off Rc2} Rxc1 23. Rxc1 Rc8 {[%emt 0:00:06] Dodges Rc7} 24. Rxc8+ Nxc8 $11 {[%emt 0:00:04][%mdl 4096] Endgame KBB-KBN} 25. Be3 b6 26. Kg2 Bc5 27. Bd2 Kf8 28. Bc3 Be7 29. Ba6 Nd6 30. Be5 g6 31. Kf3 Ke8 32. Kf4 Bf8 33. Be2 h6 34. h4 hxg5+ 35. hxg5 Be7 36. Bd1 Kd8 37. Ba4 Bf8 38. Bc6 a5 39. Bd4 Kc7 40. Bf6 Kc8 41. Bd4 Kc7 42. Be5 Kd8 43. b3 Kc8 44. Bd4 Kc7 45. Bb2 Kd8 46. Ba3 Ke7 47. Bc1 Kd8 48. Ke5 {[%emt 0:02:32] Strongly threatening Be3.} Be7 49. Bb2 Nf5 50. Kf4 Kc7 51. Be8 Nd6 52. Be5 Kd8 $1 53. Bc6 Bf8 54. Bf6+ Kc7 55. Kg4 Kc8 56. Be5 {[%emt 0:00:25] Threatens to win with Bxd6. A strong pair of Bishops.} Kd8 $1 57. Bd4 Kc7 58. Be5 Kd8 {[%emt 0:00:07] Against Be8.   Weighted Error Value: White=0.07 (flawless) /Black=0.04 (flawless)} 1/2-1/2

[Event "Israel National League 2024"]
[Site "Israel"]
[Date "2024.01.19"]
[Round "3.9"]
[White "Roiz, Michael"]
[Black "Smirin, Ilia"]
[Result "1/2-1/2"]
[ECO "D43"]
[WhiteElo "2575"]
[BlackElo "2582"]
[Annotator "TA"]
[PlyCount "37"]
[EventDate "2024.01.07"]
[EventType "team-tourn"]
[EventCountry "ISR"]
[SourceTitle "playchess.com"]
[Source "ChessBase"]
[SourceQuality "1"]
[TimeControl "40/5400+30:1800+30"]

1. d4 Nf6 2. c4 e6 3. Nf3 d5 4. Nc3 c6 5. Bg5 h6 6. Bxf6 Qxf6 7. g3 Nd7 8. Bg2 dxc4 9. O-O Bb4 {[%emt 0:06:21] D43: Semi-Slav: 5 Bg5 h6.} 10. Rc1 (10. Ne4 $5 Qd8 11. Ne5 $11) 10... Qe7 {[%emt 0:03:40] [#] The position is equal.} 11. Nd2 $146 ({Predecessor:} 11. Ne4 b5 12. b3 cxb3 13. Qxb3 Bb7 14. Rfd1 O-O 15. Nc5 Bxc5 16. dxc5 Rfd8 17. Qe3 {0-1 Martirosyan,H (2622)-Keymer,V (2568) Chess.com U20 Speed blitz 2020 (1.21)}) 11... Nb6 12. a3 Bxc3 13. Rxc3 O-O 14. Nxc4 Nxc4 15. Rxc4 e5 16. dxe5 Qxe5 17. Qd2 Be6 18. Rd4 Qc7 19. e3 {[%emt 0:04:25] A rather calm draw.   Weighted Error Value: White=0.03 (flawless) /Black=0.04 (flawless)} 1/2-1/2

[Event "Israel National League 2024"]
[Site "Israel"]
[Date "2024.01.19"]
[Round "3.10"]
[White "Globus, Or"]
[Black "Steinberg, Nitzan"]
[Result "0-1"]
[ECO "D11"]
[WhiteElo "2434"]
[BlackElo "2551"]
[Annotator "TA"]
[PlyCount "113"]
[EventDate "2024.01.07"]
[EventType "team-tourn"]
[EventCountry "ISR"]
[SourceTitle "playchess.com"]
[Source "ChessBase"]
[SourceQuality "1"]
[TimeControl "40/5400+30:1800+30"]

1. d4 d5 2. c4 c6 3. Nf3 Nf6 4. g3 g6 5. Bg2 dxc4 6. O-O {[%emt 0:13:11] D11: Slav Defence: 3 Nf3 sidelines and 3...Nf6 4 e3 Bg4.} Bg7 7. a4 Ne4 8. Qc2 {[%emt 0:17:45] The position is equal.} Nd6 9. Nbd2 {[%emt 0:00:13] [#]} a5 $1 $146 {[%emt 0:14:49][%mdl 8] A relevant novelty.} ({Predecessor:} 9... O-O 10. a5 Be6 11. Ng5 Bg4 12. Ngf3 Na6 13. h3 Be6 14. Rd1 c5 15. dxc5 Nxc5 {0-1 Paragua,M (2513)-Smirnov,A (2597) Online Olym Div2 A rapid 2020 (6.1)}) 10. Nxc4 Na6 11. Nxd6+ exd6 12. Bg5 Qc7 13. Qe4+ Be6 14. d5 cxd5 15. Qf4 O-O 16. Rac1 Qd7 17. Bh6 Nb4 (17... Bxb2 {is more complex.} 18. Nd4 Bxc1 19. Rxc1 Qe7) 18. Qh4 f6 (18... Qxa4 19. Ng5 (19. Bxg7 Kxg7 20. Ng5 h5 $11) 19... Bf6 20. Bxf8 Bxg5 21. Qxg5 $16) 19. Bxg7 Kxg7 20. Nd4 Rfc8 {[%emt 0:03:28] Prevents Rc7.} 21. Qf4 Bg8 22. h4 h5 23. Kh2 Rc5 (23... Rc4 {feels hotter.} 24. Rfd1 Re8 25. Bf3 Rc5) 24. Nb5 Rd8 25. Rfd1 Qe7 26. Nd4 Bf7 27. Rc3 Nc6 28. e3 Ne5 29. Kg1 Rdc8 30. Nb5 $1 Rc4 31. Rd4 R8c5 32. Rcxc4 Nxc4 (32... Rxc4 {simplifies} 33. Rxc4 dxc4 34. Qd4 d5) 33. Nc3 (33. b3 $1 $15 Ne5 34. Rd1) 33... Nxb2 34. Nxd5 Qe5 35. Nb6 d5 $1 36. Bf3 Be6 37. Kg2 Qxf4 38. gxf4 Kf7 (38... Bf7 $5 ) 39. f5 gxf5 (39... Bxf5 $15 40. Bxd5+ Be6) 40. Nxd5 $11 Nxa4 41. Bxh5+ $16 Kg7 (41... Kf8 $142 42. Nf4 (42. Nxf6 Rc4 $17) 42... Bc4) 42. Nf4 {[%emt 0:02:37][%mdl 1024] White has strong compensation.} Bc4 43. Rd7+ Kh6 $2 (43... Kh8 $16 44. Bg6 (44. Rxb7 Nc3 $16) 44... Nb6 45. Rh7+ (45. Rxb7 Bd5+ 46. Nxd5 Nxd5 $16) 45... Kg8) 44. Bg6 $1 $18 (44. Rxb7 Nc3 $14) 44... Bg8 {[%emt 0:00:01] Repels Rh7+} 45. Rd8 $1 (45. Rxb7 Bd5+ 46. Nxd5 Rxd5 $16) 45... Bd5+ 46. Kg3 Nc3 47. f3 {[%emt 0:01:37] Inhibits Ne4+. Rh8+ is the strong threat.} (47. Bxf5 a4 $11) (47. Rh8+ Kg7 48. Rh7+ Kg8 $16) 47... a4 48. Rd7 $2 ({Better is} 48. h5 $18 {aiming for Rh8+.} Bc4 49. Rh8+ Kg7 50. Rh7+ {[%mdl 64] Skewer} Kg8 51. Rxb7 Ne2+ 52. Nxe2 Bxe2 53. Ra7) 48... Bg8 (48... Ne2+ $5 49. Nxe2 Bc6 $11) 49. Rd8 $1 Bc4 50. Rh8+ (50. Ra8 $5 ) 50... Kg7 51. Rh7+ {[%emt 0:00:03] [#]} (51. Ra8 $1 $11) 51... Kf8 $1 $17 {[%emt 0:00:33] Hoping for ...a3.} 52. Rxb7 (52. Rh8+ $17 Ke7 53. Re8+ (53. Rh7+ $2 Kd6 $19) 53... Kd6 54. Ra8) 52... a3 $19 {[%emt 0:00:08] And now ...Ra5 would win.} 53. h5 {[%emt 0:00:27] [#] Black must now prevent h6.} a2 $1 54. Ra7 {[%emt 0:00:07] Strongly threatening h6.} Nb5 55. Ra8+ Kg7 56. e4 $2 ({Don't blunder} 56. Ra5 $2 Rc7 57. Bxf5 Ra7 $19) (56. Nd3 $17 Bxd3 57. Rxa2) 56... Rc7 57. exf5 {[%emt 0:01:07] Quite a comeback for Black.   Weighted Error Value: White=0.26 (precise) /Black=0.21 (precise)} 0-1

[Event "Israel National League 2024"]
[Site "Israel"]
[Date "2024.01.19"]
[Round "3.11"]
[White "Kobo, Ori"]
[Black "Alekseev, Evgeny"]
[Result "1/2-1/2"]
[ECO "D79"]
[WhiteElo "2541"]
[BlackElo "2563"]
[Annotator "TA"]
[PlyCount "40"]
[EventDate "2024.01.07"]
[EventType "team-tourn"]
[EventCountry "ISR"]
[SourceTitle "playchess.com"]
[Source "ChessBase"]
[SourceQuality "1"]
[TimeControl "40/5400+30:1800+30"]

1. Nf3 d5 2. g3 g6 3. Bg2 Bg7 4. d4 Nf6 5. c4 c6 6. cxd5 cxd5 7. Nc3 O-O 8. Ne5 e6 9. O-O Nfd7 10. f4 Nc6 11. Be3 Ne7 {[%emt 0:09:58] D79: Fianchetto Grünfeld: Symmetrical Variation (6 0-0 c6 7 cxd5 cxd5).} 12. Bf2 Nf6 13. e4 b6 14. exd5 Nfxd5 15. Nxd5 {[%emt 0:09:55] [#] Black took control after the opening.   Weighted Error Value: White=0.16 (very precise) /Black=0.00 (flawless)} {Predecessor:} Nxd5 $146 16. Rc1 Bb7 17. Qa4 Qe7 18. Rc2 Rfc8 19. Rfc1 Rxc2 20. Rxc2 a6 {1-0 Ding,L (2777)-Ivanchuk,V (2726) Huaian IMSA blitz 2nd 2017 (10.5)} 1/2-1/2

[Event "Israel National League 2024"]
[Site "Israel"]
[Date "2024.01.19"]
[Round "3.12"]
[White "Caspi, Israel"]
[Black "Postny, Evgeny"]
[Result "1/2-1/2"]
[ECO "E25"]
[WhiteElo "2468"]
[BlackElo "2597"]
[Annotator "TA"]
[PlyCount "35"]
[EventDate "2024.01.07"]
[EventType "team-tourn"]
[EventCountry "ISR"]
[SourceTitle "playchess.com"]
[Source "ChessBase"]
[SourceQuality "1"]
[TimeControl "40/5400+30:1800+30"]

1. d4 Nf6 2. c4 e6 3. Nc3 Bb4 4. a3 Bxc3+ 5. bxc3 c5 6. f3 d5 7. cxd5 Nxd5 8. dxc5 Qa5 9. e4 Nf6 10. Be3 O-O 11. Qb3 Nfd7 {[%emt 0:04:14] The position is equal.} 12. Bb5 {[%emt 0:10:38] E25: Nimzo-Indian: Sämisch: 5...c5 6 f3 d5 7 cxd5.} Qc7 13. Qb4 Nc6 {[%emt 0:18:00] [#]} 14. Qa4 $146 ({Predecessor:} 14. Bxc6 bxc6 15. Qa4 a5 16. Ne2 Ba6 17. Kf2 Ne5 18. Nf4 Nc4 19. Rab1 Rfd8 20. Rhd1 Rxd1 21. Qxd1 Nxa3 {0-1 Chirila,I (2536)-Olafsson,H (2512) Titled Tuesday intern Qual4 25th April blitz 2017 (3)}) 14... Nce5 15. Qd4 Nc6 {[%emt 0:03:54] Excellent horsemanship.} 16. Qa4 Nce5 17. Qd4 Nc6 18. Qa4 {[%emt 0:03:53] An uneventful encounter.   Weighted Error Value: White=0.04 (flawless) /Black=0.06 (flawless)} 1/2-1/2

[Event "Israel National League 2024"]
[Site "Israel"]
[Date "2024.01.19"]
[Round "3.13"]
[White "Rodshtein, Maxim"]
[Black "Greenfeld, Alon"]
[Result "1-0"]
[ECO "D33"]
[WhiteElo "2580"]
[BlackElo "2455"]
[Annotator "TA"]
[PlyCount "57"]
[EventDate "2024.01.07"]
[EventType "team-tourn"]
[EventCountry "ISR"]
[SourceTitle "playchess.com"]
[Source "ChessBase"]
[SourceQuality "1"]
[TimeControl "40/5400+30:1800+30"]

1. d4 d5 2. c4 e6 3. Nc3 c5 4. cxd5 exd5 5. Nf3 Nc6 6. g3 Nf6 7. Bg2 cxd4 8. Nxd4 Bc5 9. Nb3 (9. Be3 {looks sharper.} Qb6 10. Na4 Qa5+ 11. Bd2) 9... Bb6 {[%emt 0:01:26] D33: Tarrasch Defence: 6 g3 sidelines.} 10. Na4 ({But not} 10. Bxd5 Nb4 11. Bf3 Qxd1+ 12. Kxd1 Ng4 13. Bxg4 Bxg4 $11) 10... O-O 11. Nxb6 axb6 {[%emt 0:00:13] White has an edge.} 12. Nd4 $5 {[%emt 0:08:50][%mdl 4] A promising side line.} Re8 13. O-O Nxd4 {[%emt 0:04:44][%mdl 64] Remove Defender} 14. Qxd4 Rxe2 15. Be3 Rc2 {[%emt 0:02:04] [#]} 16. Qb4 $146 ({Predecessor:} 16. Rfc1 Rxc1+ 17. Rxc1 Bd7 18. Qxb6 Qxb6 19. Bxb6 Rxa2 20. Bd4 Bc6 21. b4 Ra4 22. Bxf6 gxf6 {½-½ Giri,A (2777)-Carlsen,M (2855) Meltwater Tour Final rapid 2021 (6.3)}) 16... Rc6 17. Rfc1 Rxc1+ 18. Rxc1 Rxa2 19. Bxb6 $40 {[%emt 0:11:56][%mdl 128] White mounts an attack.} Qe8 20. Qb3 Ra6 21. Bf1 {[%emt 0:00:16] A strong pair of Bishops.} Ra8 22. Bd4 Qe7 23. Bxf6 gxf6 24. Qxd5 Be6 25. Qe4 Rd8 26. Re1 Rd2 {[%emt 0:04:18] [#]} (26... Qd7 $11 {remains equal.}) 27. Bd3 $1 $16 Kf8 $2 (27... f5 $16 28. Qe3 Rxb2) 28. Qxh7 $18 Qb4 {[%emt 0:00:40] [#]} 29. Rxe6 $1 {[%emt 0:00:51][%mdl 576] Deflection.   Weighted Error Value: White=0.05 (flawless) /Black=0.13 (very precise)} 1-0